 Dungeon Crawl Stone Soup version 0.29-a0-330-g52719c12eb (webtiles) character file.

Game seed: 18016363342794557406

3129 kae the Arsonist (level 9, -7/52 HPs)
             Began as a Tengu Fire Elementalist on Apr 15, 2022.
             Was an Initiate of Ashenzari.
             Mangled by a killer bee (8 damage)
             ... on level 8 of the Dungeon.
             The game lasted 00:08:06 (11123 turns).

kae the Arsonist (Tengu Fire Elementalist)         Turns: 11123, Time: 00:08:07

Health: -7/52      AC:  2    Str:  9      XL:     9   Next: 92%
Magic:  17/17      EV: 16    Int: 19      God:    Ashenzari [......]
Gold:   345        SH:  0    Dex: 11 (15) Spells: 11/17 levels left

rFire   . . .      SeeInvis .   x - +2 spear (venom)
rCold   . . .      Faith    .   (no shield)
rNeg    . . .      Spirit   .   a - +0 robe
rPois   .          Reflect  .   (helmet restricted)
rElec   .          Harm     .   (no cloak)
rCorr   +          Rampage  .   (no gloves)
Will    .....                   (boots unavailable)
Stlth   +++.......              m - amulet of magic regeneration
HPRegen 0.17/turn               v - ring of resist corrosion
MPRegen 0.55/turn               (no ring)

@: lethally poisoned (-7 -> -15), flying quickly and evasively, quick
A: beak, talons 3, nimble flight
a: Renounce Religion, Curse Item


You were on level 8 of the Dungeon.
You worshipped Ashenzari.
Ashenzari was noncommittal.
You visited 2 branches of the dungeon, and saw 9 of its levels.

You collected 345 gold pieces.

Inventory:

Hand Weapons
 u - a +0 whip of draining
 x - a +2 spear of venom (weapon)
Armour
 a - a +0 robe (worn)
Jewellery
 m - an amulet of magic regeneration (around neck)
 v - a ring of resist corrosion (left hand)
Wands
 k - a wand of iceblast (19)
 p - a wand of mindburst (15)
Scrolls
 e - a scroll of identify
 i - a scroll of magic mapping
 l - 2 scrolls of teleportation
 w - a scroll of fog
 y - a scroll of blinking
Potions
 b - 2 potions of magic
 c - 4 potions of heal wounds
 d - 6 potions of curing
 f - a potion of lignification
 g - a potion of brilliance
 h - 2 potions of resistance
 j - 3 potions of mutation
 n - 4 potions of haste
 o - a potion of invisibility {unknown}
 q - a potion of ambrosia {unknown}
 r - 2 potions of flight
 s - a potion of might {unknown}
 t - a potion of attraction {unknown}


   Skills:
 + Level 4.3 Fighting
 + Level 5.0 Armour
 + Level 5.4 Dodging
 + Level 5.4 Stealth
 + Level 4.8 Spellcasting
 + Level 6.4 Conjurations
 * Level 8.3 Fire Magic


You had 11 spell levels left.
You knew the following spells:

 Your Spells              Type           Power      Damage    Failure   Level
a - Foxfire               Conj/Fire      100%       2x1d9     1%          1
b - Scorch                Fire           72%        2d9       1%          2
c - Conjure Flame         Conj/Fire      32%        6-21      1%          3

Your spell library contained the following spells:

 Spells                   Type           Power      Damage    Failure   Level
 Magic Dart               Conj           100%       1d8       1%          1
 Searing Ray              Conj           56%        2d6       1%          2
 Flame Wave               Conj/Fire      32%        2d8       6%          4
 Inner Flame              Hex/Fire       20%        N/A       7%          3
 Dazzling Flash           Conj/Hex       32%        N/A       11%         3
 Freeze                   Ice            16%        1d4       13%         1
 Blink                    Tloc           8%         N/A       19%         2
 Fulminant Prism          Conj/Hex       8%         3d7       34%         4
 Hailstorm                Conj/Ice       16%        3d6       34%         4
 Iskenderun's Mystic Bla  Conj/Tloc      16%        2d5       34%         4
 Frozen Ramparts          Ice            8%         1d2       36%         3
 Lesser Beckoning         Tloc           4%         N/A       36%         3
 Ozocubu's Armour         Ice            4%         N/A       36%         3
 Summon Guardian Golem    Hex/Summ       4%         N/A       36%         3
 Starburst                Conj/Fire      16%        6d6       67%         6
 Manifold Assault         Tloc           4%         N/A       98%         5
 Metabolic Englaciation   Hex/Ice        2%         N/A       98%         5
 Simulacrum               Ice/Necr       2%         N/A       100%        6
 Orb of Destruction       Conj           14%        9d7       100%        7
 Ozocubu's Refrigeration  Ice            2%         4d5       100%        7
 Spellforged Servitor     Conj/Summ      8%         N/A       100%        7
 Storm Form               Tmut/Air       2%         N/A       100%        7


Dungeon Overview and Level Annotations

Branches:
Dungeon (8/15)             Temple (1/1) D:6
   Lair: D:8-11

Altars:
Ashenzari
Cheibriados
Dithmenos
Elyvilon
Fedhas
Gozag
Hepliaklqana
Nemelex Xobeh
Okawaru
Qazlal
Ru
Trog
Uskayaw
Vehumet
Wu Jian
Xom
Yredelemnul
Zin
The Shining One
Lugonu

Shops:
D:6 *


Innate Abilities, Weirdness & Mutations

You have a beak for a mouth.
You have claws for feet.
Your magical nature lets you fly swiftly and evasively.


Message History

The killer bee stings you. The killer bee barely misses you.
The killer bee attacks as you move away!
The killer bee completely misses you.
The killer bee attacks as you move away!
The killer bee stings you. The killer bee closely misses you.
Casting: Foxfire (safe; 1% risk of failure)
Confirm with . or Enter, or press ? or * to list all spells.
You conjure some foxfire!
The killer bee stings you. The killer bee barely misses you.
The killer bee stings you.
You are poisoned.
The killer bee poisons you!
You feel sick.
The foxfire hits the killer bee but does no damage.
The killer bee is almost dead.
The foxfire hits the killer bee!
You kill the killer bee!
The killer bee stings you! The killer bee closely misses you.
The killer bee attacks as you move away!
The killer bee closely misses you.
You feel sick. The killer bee stings you.
There is a stone staircase leading up, spattered with blood here.
Casting: Foxfire (safe; 1% risk of failure)
Confirm with . or Enter, or press ? or * to list all spells.
You conjure some foxfire!
You feel sick. The killer bee stings you! x2
* * * LOW HITPOINT WARNING * * *
You are lethally poisoned!
The killer bee poisons you!
* * * LOW HITPOINT WARNING * * *
You feel very sick.
The foxfire hits the killer bee.
The killer bee is lightly wounded.
The foxfire hits the killer bee.
The killer bee is heavily wounded.
The killer bee closely misses you. The killer bee completely misses you.
Casting: Foxfire (safe; 1% risk of failure)
Confirm with . or Enter, or press ? or * to list all spells.
You conjure some foxfire!
* * * LOW HITPOINT WARNING * * *
You feel very sick. The killer bee stings you!
You die...

.... #..§##.......<.≈.≈≈≈≈≈
.....#..#####.......≈.≈...≈
...†................≈.≈._..
##.#.##.............≈.≈...≈
#..........###..(≈.≈≈≈≈≈
#...........####..≈......
...........†...#...≈≈§≈≈≈§
...........yv.............
.....#.....@......####....
#....##....v...#.## .###
... #........#... #
#..^...........
...............##
##........#....##
###.....#...### ##..###...#


You could see a killer bee (ally target).

Vanquished Creatures
  A kobold demonologist (D:7)
  2 trolls (D:6)
  A steam dragon (D:6)
  3 black bears
  4 ice beasts
  3 sky beasts
  2 ogres
  A phantom (D:5)
  A gnoll sergeant (D:7)
  A bullfrog (D:8)
  3 scorpions
  A killer bee (D:8)
  2 howler monkeys
  2 jellies
  2 orc priests
  A gnoll shaman (D:6)
  3 hounds (D:5)
  2 iguanas
  5 orc wizards
  5 adders
  13 gnolls
  3 ufetubi
  A worm (D:2)
  2 dart slugs
  44 orcs
  4 endoplasms
  4 giant cockroaches
  5 hobgoblins
  11 jackals
  7 kobolds
  3 quokkas
  5 ball pythons
  2 bats
  5 frilled lizards
  6 goblins
  8 rats
168 creatures vanquished.

Vanquished Creatures (others)
  A quokka (D:7)
  490 foxfires
491 creatures vanquished.

Grand Total: 659 creatures vanquished

Notes
Turn   | Place    | Note
-------+----------+-------------------------------------------
     0 | D:1      | kae the Tengu Fire Elementalist began the quest for the
                  | Orb.
     0 | D:1      | Reached XP level 1. HP: 10/10 MP: 4/4
   431 | D:1      | Reached XP level 2. HP: 13/15 MP: 3/6
  1122 | D:2      | Reached XP level 3. HP: 16/20 MP: 0/7
  1366 | D:2      | Found a faded altar of an unknown god.
  1514 | D:2      | Reached skill level 1 in Armour
  1703 | D:2      | Found a shimmering altar of Xom.
  1760 | D:2      | Reached XP level 4. HP: 13/24 MP: 6/8
  1764 | D:2      | Reached skill level 4 in Fire Magic
  1920 | D:2      | Noticed a scorpion
  2060 | D:2      | Reached skill level 1 in Fighting
  2118 | D:1      | Learned a level 2 spell: Scorch
  2122 | D:1      | Learned a level 3 spell: Conjure Flame
  2253 | D:2      | Killed a scorpion
  2254 | D:2      | Gained mutation: Your magical nature lets you fly swiftly
                  | and evasively. [Tengu growth]
  2254 | D:2      | Reached XP level 5. HP: 19/29 MP: 2/9
  3449 | D:3      | Found a bloodstained altar of Trog.
  4048 | D:4      | Noticed an ice beast
  4309 | D:4      | Killed an ice beast
  4310 | D:4      | Reached XP level 6. HP: 35/35 MP: 0/11
  4747 | D:4      | Found an opulent altar of Gozag.
  4810 | D:4      | Reached skill level 5 in Fire Magic
  4910 | D:4      | Found a blossoming altar of Fedhas.
  5006 | D:4      | Noticed a sky beast
  5013 | D:4      | Killed a sky beast
  5014 | D:4      | Reached XP level 7. HP: 40/40 MP: 5/12
  5517 | D:5      | Entered Level 5 of the Dungeon
  6203 | D:4      | Reached XP level 8. HP: 36/45 MP: 7/14
  6382 | D:5      | Reached skill level 6 in Fire Magic
  6499 | D:5      | Found a shimmering altar of Xom.
  7490 | D:5      | Found a sacrificial altar of Ru.
  7738 | D:6      | Found Winos's General Store.
  7781 | D:6      | Reached skill level 5 in Conjurations
  8148 | D:6      | Reached skill level 7 in Fire Magic
  8216 | D:6      | Noticed a troll
  8232 | D:6      | Killed a troll
  8233 | D:6      | Reached XP level 9. HP: 51/51 MP: 8/16
  8256 | D:6      | Found an opulent altar of Gozag.
  8916 | D:6      | Found a staircase to the Ecumenical Temple.
  8978 | D:6      | Found a broken altar of Ashenzari.
  8978 | D:6      | Noticed a troll
  8998 | D:6      | Killed a troll
  8999 | D:6      | Reached skill level 5 in Dodging
  8999 | D:6      | Reached skill level 5 in Stealth
  9292 | Temple   | Entered the Ecumenical Temple
  9369 | D:6      | Became a worshipper of Ashenzari the Shackled
  9537 | D:7      | Noticed a kobold demonologist
  9894 | D:7      | Found a white marble altar of Elyvilon.
 10146 | D:7      | Found a glowing silver altar of Zin.
 10146 | D:7      | Noticed an angel
 10336 | D:7      | Found an iron altar of Okawaru.
 10670 | D:7      | Reached skill level 8 in Fire Magic
 10873 | D:7      | Killed a kobold demonologist
 11079 | D:8      | Found a radiant altar of Vehumet.
 11107 | D:8      | Reached skill level 5 in Armour
 11123 | D:8      | HP: 1/52 [poisoned by a killer bee]
 11123 | D:8      | Mangled by a killer bee

Illustrated notes

Levels and vault maps discovered:
D:1:      amcnicky_arrival_blooded_trapdoor, layout_loops_ring, minmay_cupped
D:2:      layout_basic, ebering_ecumenical_altar_webs, basic_altar
D:3:      layout_basic, trog_antimagical, hex_large
D:4:      nicolae_cairo_tiling_very_big, layout_layer_cave, fedhas_altar_2,
          lemuel_crystal_altar, minmay_crossroads
D:5:      layout_basic, mainiacjoe_overflow_alcove_4, general_overflow_altar
D:6:      layout_basic, temple_doors_e, serial_shops, kennysheep_mini_moat,
          roderic_lattice_a, hangedman_feature_mirror
D:7:      layout_loops_corners, elyvilon_altar_4, okawaru_metal_pillars_1_2,
          zin_angel
D:8:      layout_cave_pools, overflow_temple_1_default,
          mainiacjoe_overflow_concentric_impassable, grunt_decor_cap
Temple:   corrupted_temple

Skill      XL: |  1  2  3  4  5  6  7  8  9 |
---------------+----------------------------+-----
Armour         | 1 2 3 4 5 |  5.0
Conjurations   | 2 3 4 5 6 |  6.4
Fire Magic     | 4 5 7 8 |  8.3
Fighting       | 1 2 3 4 |  4.3
Dodging        | 3 4 5 |  5.4
Stealth        | 3 4 5 |  5.4
Spellcasting   | 3 4 |  4.8

Action                   |  1- 3 |  4- 6 |  7- 9 || total
-------------------------+-------+-------+-------++-------
Melee: Unarmed           |    14 |       |    28 ||    42
       Kick              |     5 |       |     9 ||    14
       Peck              |     1 |       |     7 ||     8
       Spear             |       |       |     8 ||     8
 Cast: Foxfire           |    70 |    82 |   152 ||   304
       Scorch            |       |    11 |    83 ||    94
       Conjure Flame     |       |     1 |     8 ||     9
  Use: Scroll            |     1 |    10 |     6 ||    17
Armor: Robe              |     5 |     5 |    25 ||    35
Dodge: Dodged            |    26 |    10 |   162 ||   198

Table legend: (Time is in decaauts)
 A = Elapsed time spent in this place.
 B = Non-inter-level travel time spent in this place.
 C = Inter-level travel time spent in this place.
 D = Time resting spent in this place.
 E = Time spent auto-exploring this place.
 F = Levels seen in this place.
 G = Mean time per level.
                   A        B        C        D        E       F      G
               +--------+--------+--------+--------+--------+-----+--------+
         Total |  10659 |  10274 |    385 |   1648 |   7172 |   9 | 1184.3 |
       Dungeon |  10623 |  10250 |    373 |   1648 |   7152 |   8 | 1327.9 |
        Temple |     36 |     25 |     11 |      0 |     20 |   1 |   36.0 |
               +--------+--------+--------+--------+--------+-----+--------+

Top non-repeatable levels by time:
     D:4: 1829 daAuts
     D:6: 1730 daAuts
     D:5: 1622 daAuts
     D:2: 1550 daAuts
     D:7: 1433 daAuts
     D:3: 1276 daAuts
     D:1: 1134 daAuts
     D:8: 47 daAuts
  Temple: 36 daAuts
